 Dungeon Crawl Stone Soup version 0.24-a0-520-g8fd06ad0bc (webtiles) character file.

Game seed: 6661437743574638000

338 Bapho the Changer (level 6, -4/48 HPs)
             Began as a Draconian Transmuter on July 26, 2019.
             Killed from afar by Dowan (22 damage)
             ... with a stone arrow
             ... on level 4 of the Dungeon.
             The game lasted 00:06:02 (3755 turns).

Bapho the Changer (Draconian Transmuter)            Turns: 3755, Time: 00:06:03

Health: -4/48      AC:  2    Str: 12    XL:     6   Next: 29%
Magic:  6/9        EV: 19    Int: 16    God:
Gold:   129        SH:  0    Dex: 16    Spells: 3/9 levels left

rFire    . . .     SeeInvis .     - Unarmed
rCold    . . .     Gourm    .   (shield currently unavailable)
rNeg     . . .     Faith    .   (armour unavailable)
rPois    x         Spirit   .   (helmet currently unavailable)
rElec    .         Reflect  .   (cloak currently unavailable)
rCorr    .         Harm     .   (gloves currently unavailable)
MR       .....                  (boots currently unavailable)
Stlth    +.........             (no amulet)
HPRegen  0.16/turn              b - ring of flight
MPRegen  0.11/turn              (no ring)

@: spider-form (expiring)
A: tiny, unfitting armour, AC +6
a: End Transformation, Evoke Flight


You were on level 4 of the Dungeon.
You were not hungry.
You were a venomous arachnid creature.
You visited 1 branch of the dungeon, and saw 4 of its levels.

You collected 129 gold pieces.

Inventory:

Missiles
 a - 59 arrows
 i - 159 stones (quivered)
Magical Staves
 r - an uncursed staff of cold
Jewellery
 b - a ring of flight (left front leg)
 m - an uncursed ring of protection from magic {unknown}
Scrolls
 d - 2 scrolls of magic mapping {unknown}
 e - 2 scrolls of enchant weapon {unknown}
 h - 2 scrolls of immolation {unknown}
 k - 3 scrolls of teleportation {unknown}
 l - 3 scrolls of identify
 n - a scroll of remove curse {unknown}
 o - a scroll of enchant armour {unknown}
 s - a scroll of fear {unknown}
Potions
 g - 2 potions of agility
 j - a potion of mutation
 p - 2 potions of brilliance {unknown}
 q - 3 potions of curing {unknown}
 t - a potion of berserk rage {unknown}
Comestibles
 c - 6 rations


   Skills:
 - Level 2.1 Fighting
 - Level 1.7 Dodging
 - Level 3.9 Unarmed Combat
 - Level 2.0 Spellcasting
 + Level 4.3 Transmutations
 + Level 3.7 Poison Magic


You had 3 spell levels left.
You knew the following spells:

 Your Spells              Type           Power        Failure   Level  Hunger
a - Beastly Appendage     Tmut           ###...       12%         1    #......
b - Sticks to Snakes      Tmut           ###.....     16%         2    ###....
c - Spider Form           Tmut/Pois      ##........   28%         3    ###....

Your spell library contained the following spells:

 Spells                   Type           Power        Failure   Level  Hunger
 Magic Dart               Conj           #...         41%         1    #......
 Blink                    Tloc           N/A          52%         2    ###....
 Call Imp                 Summ           #.......     52%         2    ###....
 Slow                     Hex            #.......     52%         2    ###....
 Mephitic Cloud           Conj/Pois/Air  #.......     58%         3    ###....
 Conjure Flame            Conj/Fire      #.......     73%         3    ###....
 Ice Form                 Ice/Tmut       #.......     82%         4    #####..
 Blade Hands              Tmut           ###.......   85%         5    ######.


Dungeon Overview and Level Annotations

Branches:
Dungeon (4/15)
 Temple: D:4-7

Altars:
Kikubaaqudgha
Qazlal

Annotations:
D:4 Dowan


Innate Abilities, Weirdness & Mutations

((Your plain brown scales are hard. (AC +6)))
You cannot fit into any form of body armour.
((You are cold-blooded and may be slowed by cold attacks.))


Message History

You hit Duvessa.
Duvessa looks as sick as possible!
Duvessa is almost dead.
You kill Duvessa!
Dowan screams, "No!
Oh no!"
Dowan seems to find hidden reserves of power!
Your Transmutations skill increases to level 4!
You have reached level 6!
Your experience leads to an increase in your attributes!
Your base attributes are Str 12, Int 15, Dex 11.
Increase (S)trength, (I)ntelligence, or (D)exterity?
You feel clever.
Your scales feel tougher.
Dowan misses you.
Dowan mumbles some strange words.
Dowan blinks!
Dowan gestures at you while chanting. The stone arrow hits you!
Your transformation is almost over.
Dowan points at you and mumbles some strange words.
The stone arrow hits you!!
You die...

.# ..####.....
.#######....#........ ........
#........... .. .......#
#.......... ##. ... ##.....#
#......... ... ....
.......###....##.# #.##..$.
.....#......###..#####......
####.....##..#....#.........
###.....##......s##.....###
........###......e........#
........# #..##...........#.#.
...................)..........
..............................
............#......##..%...###
.#.....)..###......#.......#
##.#.#...## ##..#............
#######.# ##.#.###...##....


You could see Dowan.

Vanquished Creatures
  Duvessa (D:4)
  2 orc priests
  Jessica (D:2)
  An orc wizard (D:4)
  5 adders
  An ooze (D:2)
  A worm (D:3)
  A dart slug (D:2)
  2 leopard geckos
  5 orcs
  5 giant cockroaches
  6 hobgoblins
  3 jackals (D:2)
  5 kobolds
  A quokka (D:2)
  2 ball pythons
  6 bats
  5 frilled lizards
  10 goblins
  3 rats
66 creatures vanquished.

Vanquished Creatures (others)
  4 toadstools (D:1)
4 creatures vanquished.

Grand Total: 70 creatures vanquished

Notes
Turn   | Place    | Note
-------+----------+-------------------------------------------
     0 | D:1      | Bapho the Draconian Transmuter began the quest for the Orb.
     0 | D:1      | Reached XP level 1. HP: 16/16 MP: 3/3
   177 | D:1      | Reached XP level 2. HP: 23/23 MP: 5/5
   181 | D:1      | Learned a level 2 spell: Sticks to Snakes
   590 | D:2      | Found a faded altar of an unknown god.
   709 | D:2      | Found an ancient bone altar of Kikubaaqudgha.
   777 | D:2      | Reached XP level 3. HP: 21/29 MP: 3/6
   788 | D:2      | Learned a level 3 spell: Spider Form
  1025 | D:2      | Found a stormy altar of Qazlal.
  1196 | D:2      | Reached skill level 1 in Poison Magic
  1407 | D:2      | Reached XP level 4. HP: 35/36 MP: 7/7
  2013 | D:3      | Noticed Jessica
  2178 | D:2      | Killed Jessica
  2178 | D:2      | Reached skill level 3 in Transmutations
  2401 | D:3      | Reached XP level 5. HP: 23/41 MP: 1/8
  3738 | D:4      | Noticed Duvessa
  3741 | D:4      | Noticed Dowan
  3751 | D:4      | Killed Duvessa
  3751 | D:4      | Reached skill level 4 in Transmutations
  3751 | D:4      | Reached XP level 6. HP: 32/48 MP: 6/9
  3755 | D:4      | Killed from afar by Dowan

Levels and vault maps discovered:
D:1:      ldierk_water_garden, layout_rooms
D:2:      layout_loops_cross, kiku_gazebo_pond_becter, marbit_many_paths,
          chequers_ecumenical_altar_island
D:3:      layout_rooms, first_ration, uniq_jessica
D:4:      layout_cave_pools, corexii_checkpoint_b, uniq_duvessa

Skill      XL: |  1  2  3  4  5 |
---------------+----------------+-----
Fighting       | 2 |  2.1
Poison Magic   | 1 2 3 |  3.7
Transmutations | 3 4 |  4.3
Dodging        | |  1.7
Unarmed Combat | |  3.9
Spellcasting   | |  2.0

Action                   |  1- 3 |  4- 6 || total
-------------------------+-------+-------++-------
Melee: Unarmed           |    84 |   113 ||   197
       Kick              |     3 |     1 ||     4
       Tailslap          |     6 |     2 ||     8
       Headbutt          |     3 |       ||     3
Throw: Stone             |    78 |    31 ||   109
 Cast: Beastly Appendage |    15 |     5 ||    20
       Spider Form       |     2 |    11 ||    13
  Use: Scroll            |       |     2 ||     2
  Eat: Chunk             |     2 |     8 ||    10
       Ration            |       |     1 ||     1
Armor: Skin              |    16 |    21 ||    37
Dodge: Dodged            |    51 |    87 ||   138

Table legend:
 A = Non-vault XP
 B = Vault XP
 C = Vault XP percentage of total XP
 D = Non-vault monster count
 E = Vault monster count
 F = Vault count percentage of total count
                 A         B        C        D         E       F
            +---------+---------+-------+---------+---------+-------
      Total |     292 |     192 |  39.7 |      63 |       3 |   4.5
            +---------+---------+-------+---------+---------+-------
        D:1 |      25 |       0 |   0.0 |      17 |       0 |   0.0
        D:2 |      99 |      39 |  28.3 |      26 |       2 |   7.1
        D:3 |      86 |       0 |   0.0 |      16 |       0 |   0.0
        D:4 |      82 |     153 |  65.1 |       4 |       1 |  20.0
            +---------+---------+-------+---------+---------+-------
